 Dungeon Crawl Stone Soup version 0.30-a0-1157-g2cc9ac7196 (webtiles) character file.

Game seed: 18118932365729361311

3 Dittersdorf the Shield-Bearer (level 1, -3/14 HPs)
             Began as a Gargoyle Fighter on Apr 24, 2023.
             Frozen to death by an endoplasm (4 damage)
             ... on level 1 of the Dungeon.
             The game lasted 00:00:09 (79 turns).

Dittersdorf the Shield-Bearer (Gargoyle Fighter)      Turns: 79, Time: 00:00:10

Health: -3/14      AC:  9    Str: 19    XL:     1   Next: 50%
Magic:  1/1        EV:  9    Int:  8    God:
Gold:   19         SH:  4    Dex:  9    Spells: 0/0 levels left

rFire   . . .        a - +0 flail
rCold   . . .        c - +0 buckler
rNeg    + . .        b - +0 scale mail
rPois   ∞            (no helmet)
rElec   +            (no cloak)
rCorr   .            (no gloves)
SInv    .            (no boots)
Will    .....        (no amulet) Stlth
                     (no ring)
HPRegen 0.22/turn    (no ring)
MPRegen 0.07/turn

%: no passive effects
@: no status effects
A: sickness immunity, AC +2, negative energy resistance 1, electricity
resistance, torment resistance 1, petrification resistance
a: no special abilities


You were on level 1 of the Dungeon.
You visited 1 branch of the dungeon, and saw 1 of its levels.

You collected 19 gold pieces.

Inventory:

Hand Weapons
 a - a +0 flail (weapon)
Armour
 b - a +0 scale mail (worn)
 c - a +0 buckler (worn)
Potions
 d - a potion of might


   Skills:
 + Level 3.3 Fighting
 + Level 2.0 Maces & Flails
 + Level 3.3 Armour
 + Level 3.3 Shields


You couldn't memorise any spells.
You didn't know any spells.
Your spell library contained the following spells:

 Spells                   Type           Power      Damage    Failure   Level
 Beastly Appendage        Tmut           0%         N/A       85%         1
 Wereblood                Tmut           0%         N/A       94%         2
 Spider Form              Tmut/Pois      0%         N/A       99%         3


Dungeon Overview and Level Annotations

Branches:
Dungeon (1/15)

Altars:


Innate Abilities, Weirdness & Mutations

You are immune to sickness and miasma.
Your stone body is resilient. (AC +2)
You are immune to poison.
You resist negative energy. (rN+)
You are resistant to electric shocks. (rElec)
You are resistant to unholy torment.
You are immune to petrification.


Message History

You block the jackal's attack. The jackal attacks as you move away!
The jackal closely misses you. You block the hobgoblin's attack.
The hobgoblin attacks as you move away! The hobgoblin barely misses you.
The jackal bites you but does no damage.
The hobgoblin attacks as you move away! The hobgoblin closely misses you.
The jackal bites you. The jackal barely misses you.
The jackal attacks as you move away! You block the jackal's attack.
The jackal barely misses you.
You hit the jackal.
The jackal is almost dead.
The jackal bites you but does no damage. x2
You hit the jackal.
You kill the jackal!
The kobold barely misses you.
You completely miss the kobold.
The kobold hits you with a +0 short sword.
* * * LOW HITPOINT WARNING * * *
You hit the kobold.
The kobold is severely wounded.
The kobold hits you but does no damage.
You hit the kobold but do no damage.
The kobold is severely wounded.
The kobold hits you but does no damage.
You hit the kobold but do no damage.
The kobold is severely wounded.
The kobold hits you but does no damage. The kobold barely misses you.
You barely miss the kobold.
The kobold is moderately wounded.
The kobold hits you but does no damage.
You sock the kobold!
You kill the kobold!
The endoplasm freezes you.
You are frozen.
* * * LOW HITPOINT WARNING * * *
You barely miss the endoplasm. The endoplasm freezes you.
You are frozen.
You die...

#..... .... #.##.# ....
####....##....
#.......#..... #.##..#.#..#
#.##.......#.#
#..g..........
########..#..#......#
#...@Jg...#..#.......
#.#####.........>....
#######.###.......###..####
.>......(...#...........
#######.##.............##
#.###.#..........#
#.....)....###...#
#####.....##.##..# .
##.#..#...#..# ..


You could see an endoplasm and a hobgoblin.

Vanquished Creatures
  2 jackals (D:1)
  A kobold (D:1)
3 creatures vanquished.

Notes
Turn   | Place    | Note
-------+----------+-------------------------------------------
     0 | D:1      | Dittersdorf the Gargoyle Fighter began the quest for the
                  | Orb.
     0 | D:1      | Reached XP level 1. HP: 14/14 MP: 1/1
    79 | D:1      | Frozen to death by an endoplasm

Illustrated notes

Levels and vault maps discovered:
D:1:      dpeg_arrival_shelter, layout_loops_cross, nrook_uturn

Action                     || total
---------------------------++-------
  Melee: Flail             ||    16
 Armour: Scale mail        ||    18
  Dodge: Dodged            ||    13
  Block: Buckler           ||     5

Table legend: (Time is in decaauts)
 A = Elapsed time spent in this place.
 B = Non-inter-level travel time spent in this place.
 C = Inter-level travel time spent in this place.
 D = Time resting spent in this place.
 E = Time spent auto-exploring this place.
 F = Levels seen in this place.
 G = Mean time per level.
                   A        B        C        D        E       F      G
               +--------+--------+--------+--------+--------+-----+--------+
         Total |     84 |     84 |      0 |      0 |     46 |   1 |   84.0 |
       Dungeon |     84 |     84 |      0 |      0 |     46 |   1 |   84.0 |
               +--------+--------+--------+--------+--------+-----+--------+

Top non-repeatable levels by time:
     D:1: 84 daAuts
